 Dungeon Crawl Stone Soup version 0.28-a0-1616-g050a50673c (webtiles) character file.

Game seed: 14199496630305798709

10915 fragbeetle the Spear-Bearer (level 11, -2/84 HPs)
             Began as a Merfolk Ice Elementalist on Jan 23, 2022.
             Was an Initiate of Gozag.
             Succumbed to a redback's poison
             ... in a Gauntlet.
             The game lasted 00:51:41 (14332 turns).

fragbeetle the Spear-Bearer (MfIE)                 Turns: 14332, Time: 00:51:42

Health: -2/84      AC: 11    Str: 14    XL:     11   Next: 69%
Magic:  20/20      EV: 16    Int: 17    God:    Gozag
Gold:   2334       SH:  9    Dex: 16    Spells: 8/22 levels left

rFire   x . .      SeeInvis .   p - +0 trident
rCold   . . .      Faith    .   b - +6 buckler "Ukahedgh" {+Inv rF- Str+5}
rNeg    . . .      Spirit   .   a - +0 robe
rPois   .          Reflect  .   Q - +0 helmet
rElec   .          Harm     .   (no cloak)
rCorr   .          Rampage  .   (no gloves)
Will    .....      NoTele   +   (no boots)
Stlth   ++........              (no amulet)
HPRegen 0.24/turn               c - +4 ring of protection
MPRegen 0.17/turn               d - +4 ring of protection

@: lethally poisoned (-2 -> -44)
A: (nimble swimmer 2), mertail
a: Renounce Religion, Evoke Invisibility, Potion Petition, Call Merchant, Bribe
Branch


You were in a Gauntlet.
You worshipped Gozag.
Gozag was most pleased with you.
You visited 3 branches of the dungeon, and saw 13 of its levels.
You also visited: Ossuary and Gauntlet.

You collected 3234 gold pieces.
You spent 854 gold pieces at shops.
You paid 46 gold pieces to Gozag.

Inventory:

Hand Weapons
 p - a +0 trident (weapon)
 v - a +0 spear of flaming
Missiles
 r - 2 curare-tipped darts
 y - 23 poisoned darts (quivered)
 S - 4 javelins
 T - a throwing net
 U - 6 atropa-tipped darts
Armour
 a - a +0 robe (worn)
 b - the +6 buckler "Ukahedgh" (worn) {+Inv rF- Str+5}
   (You acquired it on level 3 of the Dungeon)

   Str:       It affects your strength (+5).
   rF:        It makes you vulnerable to fire.
   +Inv:      It lets you turn invisible.
 Q - a +0 helmet (worn)
Magical Staves
 V - a staff of fire
Jewellery
 c - a +4 ring of protection (left hand)
 d - a +4 ring of protection (right hand)
 k - the amulet "Fomehi" {Spirit rCorr}
   (You found it in a Gauntlet)

   [amulet of guardian spirit]

   It causes incoming damage to be divided between your reserves of health and
   magic.
   rCorr:     It protects you from acid and corrosion.
 n - a ring of magical power
 o - a +6 ring of dexterity
 H - a ring of see invisible
 J - a +4 ring of evasion
 K - a ring of willpower
 P - a +4 ring of slaying
Wands
 j - a wand of polymorph (5)
 w - a wand of acid (8)
 x - a wand of flame (12)
 G - a wand of iceblast (7)
 M - a wand of charming (5)
Scrolls
 e - 4 scrolls of immolation
 i - 2 scrolls of magic mapping
 q - 3 scrolls of teleportation
 s - 2 scrolls of summoning
 t - 3 scrolls of fog
 D - a scroll of silence
 E - 4 scrolls of amnesia
 F - 2 scrolls of fear
 N - 2 scrolls of blinking
Potions
 f - 2 potions of heal wounds
 h - 13 potions of curing
 l - 6 potions of cancellation
 m - 4 potions of ambrosia
 u - 5 potions of might
 z - a potion of berserk rage
 B - a potion of flight
 C - 6 potions of lignification
 I - 2 potions of resistance
 L - a potion of brilliance
Miscellaneous
 g - a piece from Xom's chessboard (15/15)


   Skills:
 + Level 7.3 Fighting
 * Level 12.9 Polearms
 + Level 9.3 Dodging
 - Level 3.0 Stealth
 + Level 6.1 Spellcasting
 * Level 4.5 Hexes
 * Level 11.3 Ice Magic


You had 8 spell levels left.
You knew the following spells:

 Your Spells              Type           Power      Damage    Failure   Level
a - Freeze                Ice            100%       1d11      1%          1
b - Frozen Ramparts       Ice            86%        1d10      1%          3
c - Ozocubu's Armour      Ice            43%        N/A       1%          3
d - Blink                 Tloc           10%        N/A       26%         2
e - Metabolic Englaciati  Hex/Ice        16%        N/A       19%         5

Your spell library contained the following spells:

 Spells                   Type           Power      Damage    Failure   Level
 Sandblast                Erth           10%        2d5       17%         1
 Hailstorm                Conj/Ice       24%        3d7       17%         4
 Dazzling Flash           Conj/Hex       24%        N/A       21%         3
 Passwall                 Tmut/Erth      4%         N/A       26%         2
 Lesser Beckoning         Tloc           5%         N/A       45%         3
 Stone Arrow              Conj/Erth      10%        3d7       45%         3
 Silence                  Hex/Air        6%         N/A       88%         5
 Simulacrum               Ice/Necr       12%        N/A       95%         6
 Agony                    Necr           5%         N/A       99%         5
 Manifold Assault         Tloc           5%         N/A       99%         5
 Malign Gateway           Summ/Tloc      2%         N/A       100%        7
 Summon Horrible Things   Summ           2%         N/A       100%        8


Dungeon Overview and Level Annotations

Branches:
Dungeon (11/15)            Temple (1/1) D:4            Lair (1/6) D:10
Ossuary (visited)         Gauntlet (1/1)
    Orc: D:9-12

Altars:
Ashenzari
Cheibriados
Dithmenos
Elyvilon
Fedhas
Gozag
Hepliaklqana
Kikubaaqudgha
Makhleb
Nemelex Xobeh
Okawaru
Qazlal
Ru
Sif Muna
Trog
Uskayaw
Vehumet
Wu Jian
Xom
Yredelemnul
Zin
The Shining One
Jiyva

Shops:
D:3 *:!:?

Annotations:
D:5 2 transporters, HallandMoats's ghost, novice MiFi
D:8 3 runed translucent doors, innerfire433's ghost, amateur DsCK Gauntlet 12 transporters


Innate Abilities, Weirdness & Mutations

((You are very nimble when in or above water. (Stealth+, EV+, Speed+++)))
Your lower body shifts to a powerful aquatic tail in water.


Message History

The moth of wrath angrily waves its antennae.
HP restored.
You enter the transporter and appear at another place.
The redback barely misses you.
You see here 21 gold pieces.
The redback bites you.
There is a transporter here.
You see here the amulet "Fomehi" {Spirit rCorr}.
k - the amulet "Fomehi" {Spirit rCorr} The redback bites you.
You are poisoned.
The redback poisons you!
The redback bites you but does no damage.
You feel extremely sick. You block the redback's attack.
You see here a +0 spear of flaming.
v - a +0 spear of flaming You feel extremely sick.
The redback bites you!
The redback bites you but does no damage.
The redback completely misses you.
Okay, then.
You feel extremely sick. You block the redback's attack. The redback bites you.
You are lethally poisoned!
The redback poisons you!
* * * LOW HITPOINT WARNING * * *
You feel extremely sick.
You feel better. The redback closely misses you. The redback bites you!
* * * LOW HITPOINT WARNING * * *
Blink to where?
Press: ? - help, Dir - move target
As you read the scroll of blinking, it crumbles to dust.
The redback bites you!
* * * LOW HITPOINT WARNING * * *
You are lethally poisoned!
The redback poisons you! You block the redback's attack.
You enter the transporter and appear at another place.
You die...
Your body crumbles into a pile of gold.

. . .## .. #.# #.# #.#
#####.###.###.#####
#≈§...........s..≈#
###8§.©.©.©.©.©.@s.8#### ### ###
8##≈...........s...§##8# #8# #8#
#################################
..........≈∩§....................
.................................
###########.###########.#########
#..?=©.:..#.#).≈=©t§§$#.#..!=©[..
#..##.##..#.#.≈.h§§§§§#.#.#.#...#
#.#..#^.#G#.#.§≈...≈th#.#.#...#.#


You could see a fire crab (wandering), a hell hound (wandering) and 3 redbacks.

Vanquished Creatures
  A two-headed ogre (D:8)
  A kobold demonologist (D:9)
  A hornet (D:10)
  A raiju (Gauntlet)
  Sigmund (D:2)
  26 yaks
  4 steam dragons
  Edmund (D:5)
  2 acid dragons
  Duvessa (D:4)
  3 water moccasins
  3 black bears
  An orc warrior (D:8)
  3 necrophages
  4 centaurs
  2 phantoms (D:6)
  2 kobold brigands
  4 bullfrogs
  A gnoll sergeant (D:8)
  7 scorpions
  Dowan (D:4)
  12 killer bees
  10 wights
  2 centaur zombies (D:6)
  3 hounds
  A bullfrog zombie (D:5)
  3 jellies
  A bullfrog skeleton (D:5)
  7 orc priests
  2 centaur skeletons
  4 iguanas
  10 orc wizards
  Ijyb (D:4)
  A scorpion zombie (D:3)
  A killer bee zombie (D:5)
  A hound skeleton (D:4)
  14 mummies (Ossuary)
  A howler monkey zombie (D:9)
  19 gnolls
  A howler monkey skeleton (D:6)
  10 adders
  2 shadow imps
  2 white imps
  2 ufetubi
  3 worms
  A dart slug (D:3)
  30 orcs
  14 endoplasms
  3 giant cockroaches
  4 goblins
  5 hobgoblins
  4 jackals (D:4)
  10 kobolds
  2 quokkas
  3 ball pythons (D:1)
  9 bats
  7 frilled lizards
  4 gnoll skeletons (Ossuary)
  2 goblin skeletons (Ossuary)
  2 orc skeletons (Ossuary)
  8 rats
  11 rat skeletons (Ossuary)
302 creatures vanquished.

Vanquished Creatures (others)
  45 fungi (D:10)
  48 plants (D:10)
93 creatures vanquished.

Grand Total: 395 creatures vanquished

Notes
Turn   | Place    | Note
-------+----------+-------------------------------------------
     0 | D:1      | fragbeetle the Merfolk Ice Elementalist began the quest for
                  | the Orb.
     0 | D:1      | Reached XP level 1. HP: 13/13 MP: 3/3
    80 | D:1      | Found a faded altar of an unknown god.
   464 | D:1      | Reached XP level 2. HP: 20/20 MP: 1/5
   883 | D:1      | Reached skill level 1 in Fighting
   969 | D:1      | Reached XP level 3. HP: 26/26 MP: 3/6
   973 | D:1      | Learned a level 3 spell: Frozen Ramparts
  1223 | D:2      | Reached skill level 5 in Ice Magic
  1247 | D:2      | Reached XP level 4. HP: 26/32 MP: 3/7
  1434 | D:2      | Reached skill level 1 in Polearms
  1546 | D:2      | Noticed Sigmund
  1559 | D:2      | Killed Sigmund
  1560 | D:2      | Reached skill level 3 in Polearms
  1560 | D:2      | Reached XP level 5. HP: 7/39 MP: 2/8
  1560 | D:2      | Reached XP level 6. HP: 9/45 MP: 2/9
  2596 | D:3      | Found Piukaf's Distillery.
  2611 | D:3      | Bought a potion of degeneration for 14 gold pieces
  2671 | D:3      | Found Resm's Book Boutique.
  2768 | D:3      | Reached skill level 4 in Polearms
  2780 | D:3      | Learned a level 3 spell: Ozocubu's Armour
  2783 | D:3      | Learned a level 2 spell: Blink
  2975 | D:3      | Found Qied's Magic Scroll Boutique.
  2987 | D:3      | Bought a scroll of identify for 20 gold pieces
  3273 | D:3      | Found Qugunt's Assorted Antiques.
  3277 | D:3      | Found Januof's Book Shop.
  3568 | D:4      | Noticed a necrophage
  3577 | D:4      | Noticed Dowan
  3578 | D:4      | Found a staircase to the Ecumenical Temple.
  3584 | D:4      | Noticed Duvessa
  3631 | D:4      | Killed Duvessa
  3632 | D:4      | Reached XP level 7. HP: 50/51 MP: 1/10
  3632 | D:4      | Killed Dowan
  3633 | D:4      | Reached skill level 5 in Polearms
  3638 | Temple   | Entered the Ecumenical Temple
  3783 | Temple   | Became a worshipper of Gozag Ym Sagoz the Greedy
  3822 | D:4      | Reached skill level 5 in Dodging
  3912 | D:4      | Noticed Ijyb
  3931 | D:4      | Killed Ijyb
  4545 | D:5      | Entered Level 5 of the Dungeon
  4545 | D:5      | Found a transporter.
  4555 | D:5      | Reached skill level 6 in Polearms
  4555 | D:5      | Reached XP level 8. HP: 56/58 MP: 6/12
  4911 | D:5      | Noticed a yak
  4911 | D:5      | Noticed a yak
  4928 | D:5      | Killed a yak
  4929 | D:5      | Reached skill level 7 in Polearms
  5020 | D:3      | Bought a scroll of amnesia for 35 gold pieces
  5020 | D:3      | Bought a scroll of fog for 20 gold pieces
  5020 | D:3      | Bought a scroll of teleportation for 30 gold pieces
  5020 | D:3      | Bought a scroll of fear for 35 gold pieces
  5094 | D:3      | Identified a scroll of acquirement
  5103 | D:3      | Acquired the +6 buckler "Ukahedgh" {+Inv rF- Str+5}
  5260 | D:5      | Found a transporter.
  5332 | D:5      | Noticed HallandMoats's ghost (novice MiFi)
  5430 | D:5      | Noticed Edmund
  6170 | D:5      | Killed Edmund
  6171 | D:5      | Reached XP level 9. HP: 66/66 MP: 5/14
  6285 | D:6      | Reached skill level 8 in Polearms
  7316 | D:5      | Reached skill level 5 in Fighting
  7316 | D:5      | Reached skill level 9 in Polearms
  7425 | D:3      | Bought a potion of ambrosia for 112 gold pieces
  7425 | D:3      | Bought 2 potions of might for 112 gold pieces
  7700 | D:7      | Found a sand-covered staircase.
  7758 | Ossuary  | Entered an ossuary
  8611 | Ossuary  | Acquired 1130 gold pieces
  8671 | D:7      | Reached skill level 10 in Polearms
  8671 | D:7      | Reached XP level 10. HP: 75/75 MP: 9/16
  9254 | D:7      | Identified the +10 quarterstaff of Interdependent Arising
                  | {pain, Fly rC+ rN+ Will-}
  9810 | D:8      | Found a runed translucent gate.
  9816 | D:8      | Found a runed translucent gate.
  9816 | D:8      | Found a runed translucent gate.
  9817 | D:8      | Noticed innerfire433's ghost (amateur DsCK)
  9817 | D:8      | Noticed a two-headed ogre
  9971 | D:8      | Reached skill level 5 in Spellcasting
 10089 | D:8      | Found a sparkling altar of Nemelex Xobeh.
 10278 | D:8      | Reached skill level 10 in Ice Magic
 10283 | D:8      | Reached skill level 11 in Polearms
 10628 | D:3      | Bought a book of Winter for 476 gold pieces
 10634 | D:3      | Learned a level 5 spell: Metabolic Englaciation
 10742 | D:8      | Killed a two-headed ogre
 10743 | D:8      | Reached skill level 1 in Hexes
 11158 | D:8      | Reached XP level 11. HP: 83/83 MP: 12/19
 11628 | D:8      | Found a viscous altar of Jiyva.
 11915 | D:9      | Reached skill level 12 in Polearms
 12891 | D:10     | Entered Level 10 of the Dungeon
 13142 | D:10     | Found a staircase to the Lair.
 13820 | Lair:1   | Entered Level 1 of the Lair of Beasts
 13890 | D:11     | Found a gate leading to a gauntlet.
 13894 | Gauntlet | Entered a Gauntlet
 13894 | Gauntlet | Found a transporter.
 13904 | Gauntlet | Found a transporter.
 13906 | Gauntlet | Found a transporter.
 13908 | Gauntlet | Found a transporter.
 13923 | Gauntlet | Found a transporter.
 13938 | Gauntlet | Found a transporter.
 13943 | Gauntlet | Found a transporter.
 13951 | Gauntlet | Noticed a reaper
 13960 | Gauntlet | Found a transporter.
 13978 | Gauntlet | Found a transporter.
 13986 | Gauntlet | Noticed a green ugly thing
 13986 | Gauntlet | Noticed a great orb of eyes
 13987 | Gauntlet | Noticed a brown ugly thing
 13990 | Gauntlet | Found a transporter.
 14002 | Gauntlet | Found a transporter.
 14002 | Gauntlet | Noticed a fire crab
 14014 | Gauntlet | Found a transporter.
 14022 | Gauntlet | Noticed a moth of wrath
 14026 | Gauntlet | Found a transporter.
 14029 | Gauntlet | Noticed a wretched star
 14029 | Gauntlet | Noticed a wolf spider
 14031 | Gauntlet | Found a transporter.
 14031 | Gauntlet | Found a transporter.
 14080 | Gauntlet | Found a transporter.
 14092 | Gauntlet | Noticed a shining eye
 14108 | Gauntlet | Found a transporter.
 14110 | Gauntlet | Found a transporter.
 14324 | Gauntlet | Identified the amulet "Fomehi" {Spirit rCorr}
 14332 | Gauntlet | Succumbed to a redback's poison

Illustrated notes

Levels and vault maps discovered:
D:1:      heliophobic_arrival_henge, layout_loops_ring,
          hellmonk_ecumenical_altar_blasted, minmay_tree_intersection,
          feat_on_display
D:2:      minmay_razor_zed, layout_loops_ring, nicolae_elevator_lobby_plus,
          uniq_sigmund
D:3:      layout_basic, serial_shops, nicolae_shop_statue_plus,
          nicolae_shop_waterfront, shop, shop, shop_statue
D:4:      layout_loops_ring, minmay_temple_entry_ruins, nrook_campfire,
          uniq_ijyb, uniq_duvessa
D:5:      layout_basic, gammafunk_ghost_mausoleum, minmay_fractal_squares_5,
          uniq_edmund
D:6:      layout_basic, grunt_ministairs_5, minmay_starry_boxes
D:7:      layout_loops_corners, enter_ossuary_5, minmay_misc_feat_secret_circle,
          kennysheep_pointless_box
D:8:      layout_basic, nemelex_diamond_rough_becter, gammafunk_ghost_ooze,
          serial_co_window_serial, co_window_paths_a, co_window_paths_a,
          co_window_paths_a, co_window_of_opportunity_a,
          co_window_of_opportunity_a, co_window_of_opportunity_a,
          co_window_corner_cb, co_window_corner_b, co_window_unsneaky_path_a,
          co_window_corner_b, co_window_unsneaky_path_d,
          co_window_of_opportunity_c, co_window_4corner_a, glass_columns_b,
          lemuel_old_faithful
D:9:      layout_loops_ring
D:10:     layout_cross, due_lair_maze_entry_diamond
D:11:     layout_irregular_city, nicolae_trove_entry_crystal, serial_shops,
          shop, gauntlet_entry_generic, minmay_strange_pillars
Temple:   dpeg_three_leaves_temple
Lair:1:   layout_long_grid, grunt_megastairs_1
Gauntlet: gammafunk_gauntlet_one_two_three [nicolae_gauntlet_arena_t_cross,
          gammafunk_gauntlet_arena_grid, gammafunk_gauntlet_arena_spirals,
          nicolae_gauntlet_arena_blocks, nicolae_gauntlet_arena_x,
          nicolae_gauntlet_arena_quarters, nicolae_gauntlet_arena_flowing_pool,
          nicolae_gauntlet_arena_grate_2, gammafunk_gauntlet_arena_teeth,
          gauntlet_exit_watery]

Skill      XL: |  1  2  3  4  5  6  7  8  9 10 11 |
---------------+----------------------------------+-----
Dodging        | 3 4 5 6 7 8 9 |  9.3
Fighting       | 1 2 3 4 5 6 7 |  7.3
Ice Magic      | 5 6 7 8 9 10 11 | 11.3
Stealth        | 3 |  3.0
Polearms       | 3 4 6 7 10 11 12 | 12.9
Spellcasting   | 3 4 5 6 |  6.1
Hexes          | 2 4 |  4.5

Action                   |  1- 3 |  4- 6 |  7- 9 | 10-12 || total
-------------------------+-------+-------+-------+-------++-------
Melee: Unarmed           |    16 |       |       |       ||    16
       Dagger            |    10 |       |       |       ||    10
       Mace              |     4 |       |       |       ||     4
       Halberd           |     2 |   104 |    72 |       ||   178
       Trident           |       |       |   346 |   332 ||   678
       Tailslap          |       |       |       |     9 ||     9
Throw: Dart              |       |     1 |     3 |    12 ||    16
       Javelin           |       |       |       |     7 ||     7
 Cast: Freeze            |    34 |     8 |     4 |     7 ||    53
       Frozen Ramparts   |     2 |     8 |    33 |    45 ||    88
       Ozocubu's Armour  |       |       |    20 |    26 ||    46
       Metabolic Englaci |       |       |       |     1 ||     1
Evoke: Wand              |       |       |       |     2 ||     2
  Use: Potion            |       |     2 |       |     2 ||     4
       Scroll            |       |       |    15 |     5 ||    20
 Stab: Sleeping          |     4 |     7 |    11 |     3 ||    25
       Distracted        |       |     1 |       |       ||     1
Armor: Robe              |    18 |    39 |    97 |    76 ||   230
Dodge: Dodged            |    45 |    82 |   183 |   128 ||   438
Block: Buckler           |       |       |   104 |   107 ||   211

Table legend: (Time is in decaauts)
 A = Elapsed time spent in this place.
 B = Non-inter-level travel time spent in this place.
 C = Inter-level travel time spent in this place.
 D = Time resting spent in this place.
 E = Time spent auto-exploring this place.
 F = Levels seen in this place.
 G = Mean time per level.
                   A        B        C        D        E       F      G
               +--------+--------+--------+--------+--------+-----+--------+
         Total |  14289 |  13279 |   1010 |   2666 |   6339 |  15 |  952.6 |
       Dungeon |  12785 |  11775 |   1010 |   2168 |   6151 |  11 | 1162.3 |
        Temple |    170 |    170 |      0 |     63 |     77 |   1 |  170.0 |
          Lair |     29 |     29 |      0 |      0 |      0 |   1 |   29.0 |
       Ossuary |    867 |    867 |      0 |    396 |     54 |   1 |  867.0 |
      Gauntlet |    436 |    436 |      0 |     39 |     57 |   1 |  436.0 |
               +--------+--------+--------+--------+--------+-----+--------+

Top non-repeatable levels by time:
     D:5: 1691 daAuts
     D:8: 1630 daAuts
     D:9: 1507 daAuts
     D:2: 1504 daAuts
     D:7: 1385 daAuts
     D:3: 1229 daAuts
     D:6: 1179 daAuts
     D:1: 1067 daAuts
     D:4: 952 daAuts
 Ossuary: 867 daAuts
    D:10: 624 daAuts
Gauntlet: 436 daAuts
  Temple: 170 daAuts
  Lair:1: 29 daAuts
    D:11: 14 daAuts
